 Dungeon Crawl Stone Soup version 0.27-a0-1502-g47ed6a6988 (webtiles) character file.

Game seed: 11981803937244820560

319 funkygono the Magician (level 6, -3/41 HPs)
             Began as a Djinni Fire Elementalist on July 9, 2021.
             Was an Initiate of the Shining One.
             Slain by an ogre (25 damage)
             ... on level 5 of the Dungeon.
             The game lasted 00:07:37 (4706 turns).

funkygono the Magician (Djinni Fire Elementalist)   Turns: 4706, Time: 00:07:38

Health: -3/41      AC:  3    Str:  7    XL:     6   Next: 75%
Gold:   175        EV: 12    Int: 18    God:    the Shining One [......] SH:  0 Dex: 14

rFire    + + .     SeeInvis .   p - +0 falchion
rCold    x . .     Faith    .   (no shield)
rNeg     . . .     Spirit   .   a - +0 robe
rPois    ∞         Reflect  .   (no helmet)
rElec    .         Harm     .   e - scarf {repulsion}
rCorr    .         Rampage  .   o - +0 pair of gloves
Will     .....                  (boots unavailable)
Stlth    +.........             (no amulet)
HPRegen  0.13/turn              (no ring)
MPRegen  0.00/turn              (no ring)

@: flying, glowing, repel missiles
A: sickness immunity, fire resistance 2, cold vulnerability 1, float, innate
caster, hp casting, extra vitality 1
a: Renounce Religion


You were on level 5 of the Dungeon.
You worshipped the Shining One.
The Shining One was noncommittal.
You visited 1 branch of the dungeon, and saw 5 of its levels.

You collected 175 gold pieces.

Inventory:

Hand Weapons
 d - a +2 dagger of venom
 g - a +4 dagger
 p - a +0 falchion (weapon)
Missiles
 f - 79 stones
Armour
 a - a +0 robe (worn)
 b - a +0 plate armour
 e - a scarf of repulsion (worn)
 i - a +0 leather armour
 k - a +0 kite shield
 o - a +0 pair of gloves (worn)
Magical Staves
 m - a staff of earth
Potions
 c - a potion of flight {unknown}
 h - 2 potions of attraction {unknown}
 l - a potion of ambrosia {unknown}


   Skills:
 + Level 0.4 Fighting
 + Level 0.2 Long Blades
 + Level 2.8 Dodging
 - Level 2.3 Stealth
 + Level 4.9 Spellcasting


You couldn't memorise any spells.
You knew the following spells:

 Your Spells              Type           Power      Damage    Failure   Level
a - Foxfire               Conj/Fire      88%        2x1d8     1%          1
b - Conjure Flame         Conj/Fire      22%        6-21      5%          3
c - Inner Flame           Hex/Fire       22%        N/A       5%          3
d - Sticky Flame          Conj/Fire      22%        2d4       17%         4
e - Fireball              Conj/Fire      11%        3d7       43%         5
f - Corona                Hex            24%        N/A       1%          1
g - Poisonous Vapours     Pois/Air       44%        N/A       2%          2
Your spell library was empty.

Dungeon Overview and Level Annotations

Branches:
Dungeon (5/15)             Temple (0/1) D:4

Altars:
The Shining One


Innate Abilities, Weirdness & Mutations

You are immune to sickness and miasma.
You are immune to poison.
Your flesh is very heat resistant. (rF++)
You are vulnerable to cold. (rC-)
You float through the air rather than walking.
You learn spells naturally, not from books.
Your magical power is your life essence.
You have superior vitality. (+4 HP)


Message History

Your foxfire dissipates!
You now have 175 gold pieces (gained 7).
There is a stone staircase leading up here.
You see here a +0 whip.
Done exploring.
Done exploring.
As you read the scroll labelled NAFOEN TU LIHETH, it crumbles to dust.
You feel momentarily disoriented.
It was a scroll of magic mapping.
As you read the scroll labelled YFRODE SOOBBU, it crumbles to dust.
The scroll dissolves into smoke.
It was a scroll of fog.
You see here a +0 whip.
(D) Dungeon (T) Temple
Where to? (Enter - D:4, ? - help)
What level of the Dungeon? (default 1, ? - help)
There is a stone staircase leading down here.
You fly downwards.
Found a stone staircase leading up.
There is a stone staircase leading up here.
An ogre comes into view. It is wielding a +0 giant club.
The ogre shouts!
There is a stone staircase leading up here.
An ogre is nearby!
Casting: Foxfire (safe; 1% risk of failure)
Confirm with . or Enter, or press ? or * to list all spells.
You conjure some foxfire!
The foxfire hits the ogre!
The ogre is moderately wounded.
The foxfire hits the ogre.
The ogre is heavily wounded.
The ogre hits you with a +0 giant club!!
Casting: Foxfire (safe; 1% risk of failure)
Confirm with . or Enter, or press ? or * to list all spells.
You conjure some foxfire!
The foxfire hits the ogre.
The ogre is severely wounded.
The foxfire hits the ogre.
The ogre is almost dead.
The ogre hits you with a +0 giant club!!
Ouch! That really hurt!
You die...

.# ... ###
....###..
......#.#
.......O###.#
.......@<...#
....#.#######
. .. ##


You could see an ogre.

Vanquished Creatures
  A scorpion (D:4)
  A bullfrog skeleton (D:4)
  An orc priest (D:4)
  An iguana (D:4)
  An orc wizard (D:3)
  5 adders (D:3)
  A white imp (D:3)
  3 worms
  2 dart slugs (D:1)
  4 orcs
  9 ball pythons
  7 endoplasms
  4 giant cockroaches
  8 goblins
  6 hobgoblins
  13 jackals
  2 quokkas (D:2)
  2 bats (D:1)
  7 frilled lizards
  3 kobolds
  6 rats
87 creatures vanquished.

Vanquished Creatures (others)
  305 foxfires
305 creatures vanquished.

Grand Total: 392 creatures vanquished

Notes
Turn   | Place    | Note
-------+----------+-------------------------------------------
     0 | D:1      | funkygono the Djinni Fire Elementalist began the quest for
                  | the Orb.
     0 | D:1      | Reached XP level 1. HP: 15/15 MP: 0/0
   288 | D:1      | Reached XP level 2. HP: 17/21 MP: 0/0
   673 | D:1      | Reached XP level 3. HP: 24/25 MP: 0/0
   673 | D:1      | Learned a level 1 spell: Corona
   675 | D:1      | Reached skill level 3 in Spellcasting
   971 | D:1      | Found a faded altar of an unknown god.
  2045 | D:2      | Reached XP level 4. HP: 29/31 MP: 0/0
  2942 | D:3      | Reached XP level 5. HP: 34/35 MP: 0/0
  2942 | D:3      | Learned a level 2 spell: Poisonous Vapours
  2988 | D:3      | Reached skill level 4 in Spellcasting
  3702 | D:4      | Reached XP level 6. HP: 21/40 MP: 0/0
  3883 | D:4      | Found a glowing golden altar of the Shining One.
  3893 | D:4      | Became a worshipper of the Shining One
  4454 | D:4      | Found a staircase to the Ecumenical Temple.
  4701 | D:5      | Entered Level 5 of the Dungeon
  4702 | D:5      | Noticed an ogre
  4706 | D:5      | Slain by an ogre

Illustrated notes

Levels and vault maps discovered:
D:1:      lightli_arrival_statue_moat, layout_rooms,
          shapermc_ecumenical_altar_mp_highgroup
D:2:      layout_basic
D:3:      layout_loops_cross, minmay_quantized
D:4:      layout_cave_pools, tso_metal_star, minmay_temple_entry_enclosed_plants
D:5:      layout_loops_ring, mainiacjoe_overflow_brackets, serial_shops, shop

Skill      XL: |  1  2  3  4  5 |
---------------+----------------+-----
Spellcasting   | 3 4 |  4.9
Stealth        | 2 |  2.3
Fighting       | |  0.4
Long Blades    | |  0.2
Dodging        | |  2.8

Action                   |  1- 3 |  4- 6 || total
-------------------------+-------+-------++-------
Melee: Falchion          |       |     2 ||     2
 Cast: Foxfire           |    72 |   109 ||   181
       Corona            |     1 |     1 ||     2
       Poisonous Vapours |       |     4 ||     4
  Use: Scroll            |     1 |     8 ||     9
       Potion            |       |     1 ||     1
Armor: Robe              |     9 |     2 ||    11
Dodge: Dodged            |    25 |    11 ||    36
       Rpst.: Falchion   |       |     2 ||     2

Table legend: (Time is in decaauts)
 A = Elapsed time spent in this place.
 B = Non-inter-level travel time spent in this place.
 C = Inter-level travel time spent in this place.
 D = Time resting spent in this place.
 E = Time spent auto-exploring this place.
 F = Levels seen in this place.
 G = Mean time per level.
                   A        B        C        D        E       F      G
               +--------+--------+--------+--------+--------+-----+--------+
         Total |   4704 |   4610 |     94 |     44 |   3950 |   5 |  940.8 |
       Dungeon |   4704 |   4610 |     94 |     44 |   3950 |   5 |  940.8 |
               +--------+--------+--------+--------+--------+-----+--------+

Top non-repeatable levels by time:
     D:2: 1357 daAuts
     D:4: 1135 daAuts
     D:1: 1111 daAuts
     D:3: 1094 daAuts
     D:5: 4 daAuts
